 Dungeon Crawl Stone Soup version 0.18-a0-1745-gffa9a88 (webtiles) character file.

2715 dobroeutro the Blocker (level 9, 0/56 HPs)
             Began as a Gargoyle Fighter on Apr 11, 2016.
             Slain by a yak (8 damage)
             ... on level 7 of the Dungeon.
             The game lasted 00:11:34 (4701 turns).

dobroeutro the Blocker (Gargoyle Fighter)           Turns: 4701, Time: 00:11:34

Health: 0/56       AC: 16    Str: 21    XL:     9   Next: 66%
Magic:  9/9        EV:  8    Int: 10    God:
Gold:   293        SH: 11    Dex: 10    Spells: 0 memorised, 8 levels left

rFire  . . .     SeeInvis .     r - +2 flail (holy)
rCold  . . .     Gourm    .     b - +0 scale mail
rNeg   + . .     Faith    .     c - +0 shield
rPois  ∞         Spirit   .     (no helmet)
rElec  +         Dismiss  .     (no cloak)
rCorr  .         Reflect  .     (no gloves)
SustAt .         Harm     .     (no boots)
MR     +....                    (no amulet)
Stlth  ..........               C - +3 ring of protection
                                i - ring of protection from magic

@: somewhat resistant to hostile enchantments, extremely unstealthy
A: negative energy resistance 1, electricity resistance, unbreathing,
petrification resistance, rot immunity, AC +5
a: no special abilities


You were on level 7 of the Dungeon.
You were not hungry.

You visited 2 branches of the dungeon, and saw 8 of its levels.

You collected 293 gold pieces.

Inventory:

Hand Weapons
 r - a +2 flail of holy wrath (weapon)
Armour
 b - a +0 scale mail (worn)
 c - a +0 shield (worn)
Jewellery
 i - a ring of protection from magic (left hand)
 k - an uncursed ring of protection from fire
 C - a +3 ring of protection (right hand)
 F - an uncursed ring of protection from magic
Wands
 q - a wand of iceblast (3/15)
 y - a wand of confusion (28/48)
 D - a wand of slowing (34/48)
Scrolls
 h - 3 scrolls of amnesia {unknown}
 m - 7 scrolls of identify {unknown}
 o - 2 scrolls of blinking {unknown}
 s - a scroll of magic mapping {unknown}
 v - a scroll of random uselessness {unknown}
 w - a scroll of recharging {unknown}
 A - a scroll of immolation {unknown}
 E - 2 scrolls of remove curse {unknown}
 G - a scroll of teleportation {unknown}
 I - a scroll of fear {unknown}
 J - a scroll of noise {unknown}
Potions
 a - a potion of berserk rage {unknown}
 d - 4 potions of might
 e - a potion of mutation {unknown}
 g - a potion of invisibility {unknown}
 j - a potion of ambrosia {unknown}
 l - 3 potions of cure mutation {unknown}
 n - 5 potions of flight {unknown}
 t - 3 potions of curing
 z - a potion of heal wounds {unknown}
 B - a potion of lignification {unknown}
 H - a potion of brilliance {unknown}
 K - 2 potions of haste
Comestibles
 f - 6 bread rations
 p - 4 meat rations
 u - 2 slices of pizza
 x - 3 fruits
 L - 2 chunks of flesh


   Skills:
 + Level 6.7 Fighting
 + Level 6.8 Maces & Flails
 + Level 7.2 Armour
 + Level 9.1 Shields


You had 8 spell levels left.
You didn't know any spells.

Dungeon Overview and Level Annotations

Branches:
Dungeon (7/15)             Temple (1/1) D:5

Altars:
Ashenzari
Elyvilon
Gozag
Kikubaaqudgha
Pakellas
Qazlal
Ru
Sif Muna
Trog
Vehumet
Yredelemnul
The Shining One


Innate Abilities, Weirdness & Mutations

You are resistant to torment.
Your stone body is resilient (AC +5).
You are immune to poison.
You resist negative energy.
You are resistant to electric shocks.
You can survive without breathing.
You are immune to petrification.
You are immune to rotting.


Message History

The yak is heavily wounded.
The yak gores you.
* * * LOW HITPOINT WARNING * * *
You hit the yak but do no damage.
The yak is heavily wounded.
You block the yak's attack.
You barely miss the yak.
The yak is heavily wounded.
The yak gores you but does no damage.
You sock the yak!
The yak is severely wounded.
You block the yak's attack.
You barely miss the yak.
The yak is severely wounded.
The yak gores you.
* * * LOW HITPOINT WARNING * * *
You barely miss the yak.
The yak is severely wounded.
The yak gores you!
You die...

#..#.#..#####
#...........#
#......####.##
# ####.###
#..# # ##.##
##.# # #...#
#.## # #...#
#..# # #...#
##.## ###
##.## #.@.#
..# #.#
#####Y## #.#
#.# #..#YY#
#.## #.#
#..#..# #..##
#.# #..'..#
....###.#
#..#.%#
........#
#..#(%#
#...#####
####### #..##


You could see a yak and 2 sheep.

Vanquished Creatures
  Pikel (D:3)
  A human (D:7)
  Eustachio (D:7)
  An ice beast (D:6)
  An orc warrior (D:7)
  2 black bears
  4 ogres
  2 phantoms
  A centaur (D:6)
  2 giant frogs (D:7)
  A scorpion (D:7)
  3 crimson imps
  2 hounds
  2 centaur skeletons
  3 orc priests
  Terence (D:3)
  5 orc wizards
  A sheep (D:7)
  2 hound skeletons
  A worker ant zombie (D:6)
  7 adders
  14 gnolls
  A shadow imp (D:5)
  2 oozes
  An adder skeleton (D:4)
  An adder zombie (D:5)
  A worm (D:3)
  2 dart slugs
  15 orcs
  11 bats
  4 giant cockroaches
  6 goblins
  7 hobgoblins
  8 jackals
  3 quokkas (D:4)
  A giant cockroach zombie (D:5)
  6 giant newts
  6 kobolds
  A quokka skeleton (D:4)
  6 rats
140 creatures vanquished.

Notes
Turn   | Place    | Note
--------------------------------------------------------------
     0 | D:1      | dobroeutro the Gargoyle Fighter began the quest for the Orb.
     0 | D:1      | Reached XP level 1. HP: 14/14 MP: 1/1
   162 | D:1      | Reached XP level 2. HP: 10/19 MP: 2/2
   516 | D:2      | Reached XP level 3. HP: 23/23 MP: 3/3
   913 | D:2      | Reached skill level 4 in Shields
  1023 | D:2      | Reached XP level 4. HP: 26/29 MP: 4/4
  1346 | D:3      | Noticed Terence
  1356 | D:3      | Killed Terence
  1356 | D:3      | Reached XP level 5. HP: 26/33 MP: 5/5
  1772 | D:3      | Found a white marble altar of Elyvilon.
  1787 | D:3      | Found a radiant altar of Vehumet.
  2028 | D:4      | Noticed Pikel
  2028 | D:4      | Noticed a slave
  2028 | D:4      | Noticed a slave
  2030 | D:4      | Noticed a slave
  2031 | D:4      | Noticed a slave
  2064 | D:3      | Killed Pikel
  2064 | D:3      | Reached skill level 5 in Armour
  2064 | D:3      | Reached skill level 6 in Shields
  2064 | D:3      | Reached XP level 6. HP: 30/39 MP: 6/6
  2064 | D:3      | Reached XP level 7. HP: 34/44 MP: 7/7
  2226 | D:4      | Found a stormy altar of Qazlal.
  2247 | D:4      | Found a glowing golden altar of the Shining One.
  2249 | D:4      | Noticed an angel
  2505 | D:4      | Found a basalt altar of Yredelemnul.
  2507 | D:4      | Noticed a profane servitor
  2544 | D:5      | Entered Level 5 of the Dungeon
  2593 | D:5      | Reached XP level 8. HP: 46/48 MP: 8/8
  2837 | D:5      | Reached skill level 5 in Fighting
  2893 | D:5      | Found a staircase to the Ecumenical Temple.
  2904 | Temple   | Entered the Ecumenical Temple
  3242 | D:5      | Reached skill level 5 in Maces & Flails
  3242 | D:5      | Reached skill level 7 in Shields
  3370 | D:5      | Found a bloodstained altar of Trog.
  3780 | D:6      | Noticed Eustachio
  4030 | D:7      | Killed Eustachio
  4030 | D:7      | Reached skill level 8 in Shields
  4030 | D:7      | Reached XP level 9. HP: 46/55 MP: 9/9
  4123 | D:7      | HP: 1/55 [orc warrior/flail (19)]
  4572 | D:7      | Reached skill level 9 in Shields
  4701 | D:7      | Slain by a yak

Vault maps used:
D:1:      dpeg_arrival_more_subterranean_lakeside_camping
D:2:      st_stairs_9
D:3:      vehumet_crystals, lemuel_round_altar, uniq_terence
D:4:      grunt_temple_overflow_holy_war, nicolae_qazlal_eye_of_the_storm,
          uniq_pikel
D:5:      lightli_temple_of_fire, minmay_temple_entry_grid, first_bread
D:6:      uniq_eustachio
D:7:      okawaru_humans, old_standard_altar, kennysheep_mini, grunt_livestock
Temple:   hc_temple_tempest_star

Skill      XL: |  1  2  3  4  5  6  7  8  9 |
---------------+----------------------------+-----
Shields        | 4 6 8 9 |  9.1
Armour         | 4 5 6 7 |  7.2
Maces & Flails | 3 4 5 6 |  6.8
Fighting       | 4 5 6 |  6.7

Action                   |  1- 3 |  4- 6 |  7- 9 || total
-------------------------+-------+-------+-------++-------
Melee: Flail             |   162 |   145 |   388 ||   695
  Use: Potion            |       |       |     3 ||     3
  Eat: Chunk             |       |     4 |    10 ||    14
